 Dungeon Crawl Stone Soup version 0.31-a0-370-g25055926c8 (webtiles) character file.

Game seed: 14057573573012256881

1 M4edhros the Charlatan (level 1, 0/13 HPs)
             Began as an Octopode Artificer on July 29, 2023.
             Slain by a gnoll
             ... wielding a +0 whip
              (7 damage)
             ... on level 1 of the Dungeon.
             The game lasted 00:00:10 (85 turns).

M4edhros the Charlatan (Octopode Artificer)           Turns: 85, Time: 00:00:11

Health: 0/13       AC:  1    Str: 11    XL:     1   Next: 20%
Magic:  1/1        EV: 13    Int: 13    God:
Gold:   0          SH:  0    Dex: 12    Spells: 0/0 levels left

rFire   . . .        (no weapon)
rCold   . . .        (no shield)
rNeg    . . .        (helmet restricted)
rPois   .            (no amulet)
rElec   .            (no ring)
rCorr   .            (no ring)
SInv    .            (no ring)
Will    .....        (no ring)
Stlth   +++          (no ring)
HPRegen 0.22/turn    (no ring)
MPRegen 0.07/turn    (no ring)
                     (no ring)

%: no passive effects
@: no status effects
A: almost no armour, amphibious, 8 rings, camouflage 1, gelatinous body 1,
(nimble swimmer 1), tentacles
a: no special abilities


You were on level 1 of the Dungeon.
You visited 1 branch of the dungeon, and saw 1 of its levels.

Inventory:

Wands
 b - a wand of flame (15) (quivered)
 c - a wand of charming (15)
 d - a wand of iceblast (5)
Potions
 a - a potion of curing {unknown}


   Skills:
 - Level 1.0 Fighting
 - Level 2.3 Dodging
 - Level 1.3 Stealth
 + Level 0.4 Unarmed Combat
 - Level 3.2 Evocations


You couldn't memorise any spells.
You didn't know any spells.
Your spell library was empty.

Dungeon Overview and Level Annotations

Branches:
Dungeon (1/15)

Altars:


Innate Abilities, Weirdness & Mutations

You cannot wear most types of armour.
You are amphibious.
You can wear up to eight rings at the same time.
Your skin changes colour to match your surroundings (Stealth+).
Your rubbery body absorbs attacks. (AC +1, EV +1)
((You are camouflaged when in or above water. (Stealth+)))
You have tentacles for arms and can constrict up to eight enemies at once.


Message History

The bat misses you.
A bat is nearby!
The bat closely misses you. x2
A bat is nearby!
A bat is nearby!
You closely miss the bat. You grab the bat.
The bat is heavily wounded.
You constrict the bat. The bat hits you but does no damage.
The bat escapes!
A bat is nearby!
The bat hits you. The bat hits you. The bat hits you but does no damage.
The bat hits you but does no damage.
You tentacle-slap the bat.
You kill the bat!
HP restored.
Found a chain mail.
No target in view!
You see here a +0 chain mail.
A gnoll comes into view. It is wielding a +0 whip.
A gnoll is nearby!
A gnoll is nearby!
A kobold comes into view. It is wielding a +0 dagger.
There are monsters nearby!
There are monsters nearby!
A frilled lizard comes into view.
Found a mace.
There are monsters nearby!
The frilled lizard hisses angrily.
The gnoll shouts!
The kobold shouts!
There are monsters nearby!
You barely miss the gnoll. You grab the gnoll. You constrict the gnoll.
The gnoll hits you with a +0 whip.
The kobold throws a stone.
The stone hits you.
You tentacle-slap the gnoll but do no damage.
You squeeze the gnoll.
The gnoll is moderately wounded.
You constrict the gnoll, but do no damage.
The gnoll hits you with a +0 whip!
Ouch! That really hurt!
You die...

##....K##
#.......#
#.......########
#.......#......#
####.....##......#
.........##......#
.................#
#.l.g@..#......#
#.......#......#
##.....##......#
##...###......#
###.# #......# #.#
#......# #)#
###..### ..# #.##
#.#


You could see a gnoll, a kobold and a frilled lizard.

Vanquished Creatures
  A bat (D:1)
1 creature vanquished.

Notes
Turn   | Place    | Note
-------+----------+-------------------------------------------
     0 | D:1      | M4edhros the Octopode Artificer began the quest for the
                  | Orb.
     0 | D:1      | Reached XP level 1. HP: 13/13 MP: 1/1
    85 | D:1      | Slain by a gnoll

Illustrated notes

Levels and vault maps discovered:
D:1:      eino_arrival_water_star, layout_rooms, serial_shops,
          nicolae_shop_waterfront

Action                     || total
---------------------------++-------
  Melee: Unarmed           ||     5
         Constrict         ||     2
         Tentacles         ||     1
 Armour: Skin              ||     4
  Dodge: Dodged            ||     7

Table legend: (Time is in decaauts)
 A = Elapsed time spent in this place.
 B = Non-inter-level travel time spent in this place.
 C = Inter-level travel time spent in this place.
 D = Time resting spent in this place.
 E = Time spent auto-exploring this place.
 F = Levels seen in this place.
 G = Mean time per level.
                   A        B        C        D        E       F      G
               +--------+--------+--------+--------+--------+-----+--------+
         Total |     85 |     85 |      0 |      0 |     56 |   1 |   85.0 |
       Dungeon |     85 |     85 |      0 |      0 |     56 |   1 |   85.0 |
               +--------+--------+--------+--------+--------+-----+--------+

Top non-repeatable levels by time:
     D:1: 85 daAuts
